 Dungeon Crawl Stone Soup version 0.22.0-6-g71bd7aa (webtiles) character file.

277 inmateoo the Changer (level 6, -1/31 HPs)
             Began as a Felid Transmuter on Aug 14, 2018.
             Slain by a howler monkey (3 damage)
             ... on level 4 of the Dungeon.
             The game lasted 00:11:37 (6635 turns).

inmateoo the Changer (Felid Transmuter)             Turns: 6635, Time: 00:11:38

Health: -1/31      AC:  5    Str:  6    XL:     6   Next: 4%
Magic:  0/11       EV: 11    Int: 17    God:
Gold:   184        SH:  3    Dex: 16    Spells: 0/10 levels left
                                        Lives:  0   Deaths: 1

rFire    x . .     SeeInvis +     - Unarmed
rCold    + + +     Gourm    .   (shield unavailable)
rNeg     . . .     Faith    .   (armour unavailable)
rPois    +         Spirit   .   (helmet unavailable)
rElec    .         Reflect  +   (cloak unavailable)
rCorr    +         Harm     .   (gloves unavailable)
MR       .....                  (boots unavailable)
Stlth    +++.......             o - +3 amulet of reflection
HPRegen  0.10/turn              e - ring of resist corrosion
MPRegen  0.12/turn              g - ring of stealth

@: ice-form, very slightly contaminated
A: large, no armour, no weapons or thrown items, stealth, see invisible,
carnivore, slow metabolism 1
a: End Transformation


You were on level 4 of the Dungeon.
You were full.
You were a creature of crystalline ice.
You visited 1 branch of the dungeon, and saw 4 of its levels.

You collected 184 gold pieces.

Inventory:

Missiles
 a - 48 arrows
Jewellery
 e - a ring of resist corrosion (left front paw)
 g - a ring of stealth (right front paw)
 o - a +3 amulet of reflection (around neck)
Wands
 m - a wand of flame (21)
Scrolls
 b - 8 scrolls of identify {unknown}
 d - 2 scrolls of fear {unknown}
 f - 2 scrolls of blinking {unknown}
 h - a scroll of magic mapping {unknown}
 j - a scroll of remove curse {unknown}
 k - 2 scrolls of immolation {unknown}
 n - 2 scrolls of amnesia {unknown}
 r - a scroll of teleportation {unknown}
Potions
 i - a potion of curing {unknown}
 l - a potion of flight {unknown}
 p - a potion of mutation {unknown}
 q - a potion of heal wounds
 s - a potion of lignification
Comestibles
 c - 8 rations


   Skills:
 - Level 2.0 Fighting
 - Level 3.0 Dodging
 + Level 2.6 Stealth
 * Level 4.2 Unarmed Combat
 + Level 2.7 Spellcasting
 * Level 5.2 Transmutations
 + Level 0.0 Ice Magic


You couldn't memorise any spells.
You knew the following spells:

 Your Spells              Type           Power        Failure   Level  Hunger
a - Beastly Appendage     Tmut           ###...       2%          1    #......
b - Sticks to Snakes      Tmut           ###.....     3%          2    ##.....
c - Spider Form           Tmut/Pois      ##........   19%         3    ###....
d - Ice Form              Ice/Tmut       ##......     52%         4    #####..

Your spell library contained the following spells:

 Spells                   Type           Power        Failure   Level  Hunger
 Magic Dart               Conj           #...         19%         1    #......
 Conjure Flame            Conj/Fire      #.......     47%         3    ###....
 Slow                     Hex            #.......     26%         2    ##.....
 Mephitic Cloud           Conj/Pois/Air  #.......     47%         3    ###....
 Blink                    Tloc           N/A          26%         2    ##.....
 Call Imp                 Summ           #.......     26%         2    ##.....
 Blade Hands              Tmut           ###.......   52%         5    ######.


Dungeon Overview and Level Annotations

Branches:
Dungeon (4/15)
 Temple: D:4-7

Altars:
Kikubaaqudgha


Innate Abilities, Weirdness & Mutations

You cannot wear armour.
You are incapable of wielding weapons or throwing items.
Your paws allow you to move quietly. (Stealth)
((You have sharp claws.))
((You have razor-sharp teeth.))
You have supernaturally acute eyesight. (SInv)
You are carnivorous and can eat meat at any time.
((You cover ground quickly.))
((You are covered in thick fur. (AC +2)))
You have a slow metabolism.
((Your sharp claws are effective at attacking unaware monsters.))


Message History

Your hair momentarily turns into snakes!
The gnoll hits you from afar with a halberd!
Ouch! That really hurt!
The howler monkey misses you.
Unknown command.
The howler monkey hoots and howls with incredible vigour!
You hear an angry hiss.
The howler monkey hoots and howls with incredible vigour!
Casting: Ice Form (very dangerous; 52% risk of failure)
Confirm with . or Enter, or press ? or * to list all spells.
The spell is very dangerous to cast (52% risk of failure)!
Continue anyway?
You turn into a creature of crystalline ice.
The howler monkey hits you but does no damage.
The howler monkey hits you.
You hit the howler monkey. You freeze the howler monkey.
The howler monkey is heavily wounded.
The gnoll hits you from afar with a halberd!
* * * LOW HITPOINT WARNING * * *
The howler monkey hits you.
You die...

### #.. #.. ########..
#############.........
#.gghY........##....รท.
#.##############.###..
#.# #.##... #.# #......
#g# #..#... #.# #..##..
#g# #..#### #.# ###..#
#.# ##.#..# ##


You could see a howler monkey and 2 gnolls.

Vanquished Creatures
  2 orc priests (D:3)
  A hound (D:4)
  Ijyb (D:3)
  An iguana (D:4)
  10 adders
  2 oozes
  An adder skeleton (D:4)
  5 worms
  3 dart slugs (D:2)
  3 orcs (D:3)
  3 ball pythons
  3 giant cockroaches
  6 hobgoblins
  12 jackals
  7 kobolds
  2 quokkas
  10 bats
  A frilled lizard (D:4)
  7 goblins
  6 rats
86 creatures vanquished.

Notes
Turn   | Place    | Note
-------+----------+-------------------------------------------
     0 | D:1      | inmateoo the Felid Transmuter began the quest for the Orb.
     0 | D:1      | Reached XP level 1. HP: 9/9 MP: 4/4
   485 | D:1      | Reached skill level 3 in Transmutations
   488 | D:1      | Reached XP level 2. HP: 8/12 MP: 4/6
   501 | D:1      | Learned a level 2 spell: Sticks to Snakes
  1429 | D:2      | Reached XP level 3. HP: 12/15 MP: 7/7
  1623 | D:1      | Learned a level 3 spell: Spider Form
  1739 | D:2      | Reached skill level 4 in Transmutations
  2137 | D:2      | Reached XP level 4. HP: 12/19 MP: 5/8
  2373 | D:2      | You fall through a shaft!
  2376 | D:3      | Noticed a phantom
  2467 | D:3      | Reached skill level 1 in Stealth
  2823 | D:3      | Noticed Ijyb
  2842 | D:3      | Killed Ijyb
  3019 | D:3      | Killed from afar by an orc priest
  3020 | D:3      | Reached XP level 3. HP: -1/22 MP: 2/7
  3053 | D:3      | Reached XP level 4. HP: 3/19 MP: 5/8
  3874 | D:2      | Reached XP level 5. HP: 5/22 MP: 5/9
  4264 | D:3      | Found an ancient bone altar of Kikubaaqudgha.
  5429 | D:4      | Reached skill level 5 in Transmutations
  6396 | D:4      | Gained mutation: You are covered in thick fur. (AC +2) [Felid growth]
  6396 | D:4      | Reached XP level 6. HP: 26/26 MP: 11/11
  6404 | D:4      | Learned a level 4 spell: Ice Form
  6635 | D:4      | Slain by a howler monkey

Skill      XL: |  1  2  3  4  5 |
---------------+----------------+-----
Transmutations | 3 4 5 |  5.2
Dodging        | 3 |  3.0
Stealth        | 2 |  2.6
Fighting       | 2 |  2.0
Unarmed Combat | 4 |  4.2
Spellcasting   | |  2.7

Action                   |  1- 3 |  4- 6 || total
-------------------------+-------+-------++-------
Melee: Unarmed           |   122 |   165 ||   287
       Headbutt          |     8 |       ||     8
       Bite              |     5 |     9 ||    14
       Punch             |       |     1 ||     1
 Cast: Beastly Appendage |    12 |       ||    12
       Spider Form       |     7 |    16 ||    23
       Sticks to Snakes  |       |     5 ||     5
       Ice Form          |       |     1 ||     1
 Abil: End Transformatio |     1 |     1 ||     2
Evoke: Wand              |       |     1 ||     1
  Use: Potion            |       |     2 ||     2
 Stab: Sleeping          |     6 |    19 ||    25
  Eat: Chunk             |    15 |    10 ||    25
Armor: Skin              |    13 |    11 ||    24
Dodge: Dodged            |   100 |   112 ||   212
Block: Other             |       |     2 ||     2
